 Dungeon Crawl Stone Soup version 0.23.0 (webtiles) character file.

Game seed: 6717538535691582921

39053 McIvan the Warrior (level 14, -12/138 HPs)
             Began as a Hill Orc Monk on Feb 12, 2019.
             Was a High Priest of Beogh.
             Mangled by a tentacle (14 damage)
             ... attached to a kraken
             ... on level 1 of the Shoals on Feb 13, 2019.
             The game lasted 02:47:03 (21285 turns).

McIvan the Warrior (Hill Orc Monk)                 Turns: 21285, Time: 02:47:03

Health: -12/138    AC: 32    Str: 22    XL:     14   Next: 4%
Magic:  17/17      EV: 12    Int: 10    God:    Beogh [*****.]
Gold:   977        SH:  9    Dex: 13    Spells: 13/13 levels left

rFire    . . .     SeeInvis .   f - +6 trident (venom)
rCold    . . .     Gourm    .   h - +0 buckler
rNeg     . . .     Faith    .   X - +0 plate armour
rPois    +         Spirit   .   E - +1 hat
rElec    .         Reflect  +   g - +1 cloak {rPois}
rCorr    .         Harm     .   C - +2 pair of gloves
MR       +....                  G - +1 pair of boots
Stlth    ..........             e - +5 amulet of reflection
HPRegen  0.33/turn              t - +6 ring of protection
MPRegen  0.15/turn              Z - ring "Mofa" {*Contam EV+4 Str+3 Stlth+}

@: no status effects
A: walk on water
a: Smiting, Recall Orcish Followers, Give Item to Named Follower, Renounce
Religion


You were on level 1 of the Shoals.
You worshipped Beogh.
Beogh was extremely pleased with you.
You were hungry.

You visited 4 branches of the dungeon, and saw 16 of its levels.
You also visited: Sewer.

You collected 977 gold pieces.

Inventory:

Hand Weapons
 f - a +6 trident of venom (weapon)
 A - a +2 hand axe of freezing
Missiles
 F - 9 tomahawks
 J - 11 javelins (quivered)
Armour
 g - a +1 cloak of poison resistance (worn)
 h - a +0 buckler (worn)
 C - a +2 pair of gloves (worn)
 E - a +1 hat (worn)
 G - a +1 pair of boots (worn)
 W - a +0 large shield
 X - a +0 plate armour (worn)
Jewellery
 e - a +5 amulet of reflection (around neck)
 t - a +6 ring of protection (left hand)
 v - an uncursed ring of fire
 y - an uncursed ring of poison resistance
 H - an uncursed ring of flight
 Z - the ring "Mofa" (right hand) {*Contam EV+4 Str+3 Stlth+}
   (You found it on level 6 of the Lair of Beasts)

   [ring of evasion]

   It affects your evasion (+4).
   It affects your strength (+3).
   It causes magical contamination when unequipped.
   It makes you more stealthy.
Wands
 j - a wand of flame (12)
 m - a wand of digging (7)
 L - a wand of iceblast (22)
 N - a wand of enslavement (10)
Scrolls
 a - 4 scrolls of identify
 n - 4 scrolls of enchant weapon
 q - 7 scrolls of teleportation
 r - 3 scrolls of remove curse
 z - 3 scrolls of magic mapping
 O - 4 scrolls of fog
 R - a scroll of amnesia
Potions
 b - 2 potions of haste
 d - a potion of lignification
 i - 2 potions of brilliance
 l - a potion of resistance
 o - 2 potions of berserk rage
 p - 2 potions of magic
 u - 5 potions of curing
 D - 2 potions of flight
 I - a potion of mutation
 Q - a potion of ambrosia
Miscellaneous
 P - a box of beasts
 S - a lamp of fire
Comestibles
 c - 40 rations


   Skills:
 * Level 16.7 Fighting
 - Level 14.7 Axes
   Level 0.3(3.0) Slings
 + Level 4.8 Throwing
 + Level 13.9 Armour
 - Level 2.5 Dodging
 - Level 1.6 Stealth
 * Level 1.2 Shields
 + Level 0.4 Spellcasting
 + Level 4.6 Evocations


You had 13 spell levels left.
You didn't know any spells.
Your spell library contained the following spells:

 Spells                   Type           Power        Failure   Level  Hunger
 Animate Skeleton         Necr           N/A          99%         1    ##.....
 Apportation              Tloc           #.....       99%         1    ##.....
 Confusing Touch          Hex            #.....       99%         1    ##.....
 Magic Dart               Conj           #...         99%         1    ##.....
 Sandblast                Erth           #.....       99%         1    ##.....
 Summon Small Mammal      Summ           #...         99%         1    ##.....
 Passwall                 Tmut/Erth      #.......     100%        2    ###....
 Searing Ray              Conj           #.....       100%        2    ###....
 Confuse                  Hex            #.......     100%        3    ####...
 Dazzling Spray           Conj/Hex       #.....       100%        3    ####...
 Gell's Gravitas          Tloc           #.........   100%        3    ####...
 Stone Arrow              Conj/Erth      #.....       100%        3    ####...
 Force Lance              Conj/Tloc      #.......     100%        4    #####..
 Fulminant Prism          Conj/Hex       #.........   100%        4    #####..
 Iskenderun's Mystic Bla  Conj           #.......     100%        4    #####..
 Petrify                  Tmut/Erth      #.......     100%        4    #####..
 Lee's Rapid Deconstruct  Erth           #.........   100%        5    ######.
 Metabolic Englaciation   Hex/Ice        #.........   100%        5    ######.
 Yara's Violent Unravell  Hex/Tmut       #.........   100%        5    ######.


Dungeon Overview and Level Annotations

Branches:
Dungeon (8/15)             Temple (1/1) D:4            Lair (6/6) D:8
 Shoals (1/4) Lair:2       Spider (0/4) Lair:4        Slime (0/5) Lair:5

Altars:
Ashenzari
Cheibriados
Dithmenos
Elyvilon
Fedhas
Gozag
Hepliaklqana
Kikubaaqudgha
Makhleb
Nemelex Xobeh
Okawaru
Qazlal
Ru
Sif Muna
Trog
Uskayaw
Vehumet
Wu Jian
Xom
Yredelemnul
Zin
The Shining One

Annotations:
D:7 1 transporter


Message History

The kraken bites Bogrim!!!
Bogrim dies!
You hear a splash. x2
The tentacle slaps you!
* * * LOW HITPOINT WARNING * * *
You block the tentacle's attack.
The tentacle slaps you but does no damage. x2
The tentacle barely misses you. You block the tentacle's attack.
A tentacle segment bursts forth from the water. x6
The tentacle slaps you!
* * * LOW HITPOINT WARNING * * *
The tentacle slaps you but does no damage.
The tentacle slaps you.
* * * LOW HITPOINT WARNING * * *
You block the tentacle's attack. The tentacle slaps you.
* * * LOW HITPOINT WARNING * * *
The tentacle slaps you but does no damage. x2
A tentacle segment bursts forth from the water. x4
The tentacle misses you. The tentacle slaps you!
You die...

≈≈≈≈≈≈≈≈≈≈≈≈≈≈≈≈≈≈≈≈≈≈≈≈≈≈≈≈≈
≈≈≈≈≈≈≈≈≈≈≈≈≈≈X≈≈≈≈≈≈≈≈≈≈≈≈≈≈
≈≈≈≈≈≈≈≈≈≈≈≈≈≈≈≈≈≈)≈)≈≈≈≈≈≈≈≈≈≈≈≈
≈≈≈≈≈≈≈≈≈≈≈≈≈.≈≈≈≈≈≈≈≈≈≈≈≈≈≈≈≈≈≈≈
≈≈≈≈≈≈≈≈≈≈.≈...≈≈≈≈*≈≈≈≈≈≈≈≈≈≈≈≈≈
≈≈≈≈≈≈≈≈≈≈...##.≈≈≈≈≈≈≈≈≈≈≈≈≈≈≈≈≈
≈≈≈≈≈....≈≈..##.../*≈≈≈≈≈≈≈≈≈≈≈≈≈
≈≈≈≈≈.....≈...##.w**≈≈≈≈≈≈≈≈≈≈≈≈≈
.≈≈≈...##...≈≈..@w≈≈≈≈≈≈≈≈≈≈≈≈≈≈≈
.≈≈≈..# #..≈≈≈..≈w≈≈≈≈≈≈≈≈≈≈≈≈≈≈≈
≈≈≈..## #..≈≈≈≈≈≈≈≈≈≈≈≈≈≈≈≈≈≈≈≈≈≈
).≈≈..###..≈≈≈≈≈≈≈≈≈≈≈≈≈≈≈≈≈≈≈≈o≈
.........≈≈≈≈≈≈≈≈≈≈≈≈≈..≈≈.≈≈≈≈≈≈
.........≈≈≈≈≈≈≈≈≈≈≈≈≈...≈...≈≈≈≈
.###.≈≈...≈≈≈≈≈≈≈≈≈≈≈≈.(..≈...≈≈≈
.###.≈≈≈≈≈≈≈≈≈≈≈≈≈.≈≈≈.#..≈.#..≈o
.....≈≈..≈≈≈≈≈≈≈≈≈≈≈≈≈.##.≈....≈≈


You could see a kraken and 3 tentacles.

Vanquished Creatures
  Gastronok (Lair:1)
  Harold (D:7)
  A catoblepas (Lair:2)
  A two-headed ogre (D:5)
  Urug (Lair:1)
  2 sea snakes (Shoals:1)
  8 elephants
  3 merfolk sirens (Lair:2)
  Maurice (D:8)
  4 black mambas
  10 spiny frogs
  2 rime drakes
  10 komodo dragons
  3 polar bears
  A queen bee (Lair:1)
  4 blink frogs (Lair:6)
  A merfolk (Lair:2)
  2 dream sheep (Lair:6)
  5 hippogriffs
  13 yaks
  A vampire mosquito (Lair:6)
  A hungry ghost (D:8)
  Edmund (D:5)
  Duvessa (D:7)
  8 water moccasins
  5 porcupines
  2 orc warriors
  2 phantoms (D:6)
  An ogre (D:4)
  3 wolves (Lair:3)
  2 centaurs
  10 crocodiles
  11 bullfrogs
  Dowan (D:7)
  A scorpion (D:7)
  24 killer bees (Lair:1)
  3 howler monkeys
  A crimson imp (D:7)
  A jelly (D:7)
  2 orc priests
  4 hounds
  3 bullfrog skeletons
  4 orc wizards
  2 centaur skeletons (D:8)
  An iguana (D:4)
  3 worker ants
  A hound skeleton (D:7)
  A howler monkey zombie (D:5)
  A worker ant zombie (D:4)
  19 gnolls
  5 river rats (Lair:6)
  9 adders
  A shadow imp (D:6)
  14 oozes
  An adder zombie (D:8)
  2 adder skeletons
  A worm (D:4)
  A dart slug (D:3)
  18 leopard geckos
  20 orcs
  12 giant cockroaches
  5 goblins
  7 hobgoblins
  4 jackals
  9 ball pythons
  8 bats
  15 frilled lizards
  A jackal zombie (D:5)
  8 kobolds
  A quokka skeleton (D:4)
  12 rats
  3 fungi
  3 plants
  A tentacle (Shoals:1)
355 creatures vanquished.

Vanquished Creatures (collateral kills)
  Frances (Shoals:1)
  A merfolk impaler (Shoals:1)
  4 hydras (Lair:6)
  A catoblepas (Lair:6)
  3 sea snakes (Shoals:1)
  3 fauns (Shoals:1)
  A merfolk siren (Shoals:1)
  2 elephants (Lair:6)
  A torpor snail (Lair:6)
  14 spiny frogs (Lair:6)
  4 tyrant leeches (Lair:6)
  3 merfolk (Shoals:1)
  2 dream sheep (Lair:6)
  8 blink frogs (Lair:6)
  A wind drake (Shoals:1)
  A snapping turtle (Shoals:1)
  A hippogriff (Lair:6)
  A yak (Lair:6)
  5 vampire mosquitoes (Lair:6)
  3 water moccasins (Lair:6)
  2 crocodiles (Lair:6)
  7 bullfrogs (Lair:6)
  An electric eel (Lair:6)
  2 hell rats (Lair:6)
  A rat (Lair:6)
  2 fungi (Lair:6)
  A plant (Shoals:1)
  A tentacle (Shoals:1)
77 creatures vanquished.

Vanquished Creatures (others)
  2 orc knights (Shoals:1)
  A centaur (D:7)
  5 orc priests
  A hound skeleton (D:7)
  An adder (D:7)
  3 orcs
  3 jackals (D:7)
  7 fungi
  29 plants
  8 tentacles (Shoals:1)
60 creatures vanquished.

Grand Total: 492 creatures vanquished

Notes
Turn   | Place    | Note
-------+----------+-------------------------------------------
     0 | D:1      | McIvan the Hill Orc Monk began the quest for the Orb.
     0 | D:1      | Reached XP level 1. HP: 19/19 MP: 1/1
   512 | D:1      | Reached XP level 2. HP: 5/27 MP: 2/2
  1145 | D:1      | HP: 1/27 [leopard gecko (4)]
  1146 | D:1      | Reached skill level 4 in Fighting
  1756 | D:1      | Reached XP level 3. HP: 33/33 MP: 3/3
  2803 | D:2      | Reached skill level 5 in Axes
  2908 | D:3      | Reached XP level 4. HP: 21/41 MP: 4/4
  3270 | D:3      | Reached XP level 5. HP: 46/47 MP: 5/5
  3280 | D:3      | Reached skill level 5 in Fighting
  3705 | D:3      | Found a white marble altar of Elyvilon.
  4001 | D:4      | Reached skill level 1 in Throwing
  4019 | D:4      | Found a staircase to the Ecumenical Temple.
  4199 | Temple   | Entered the Ecumenical Temple
  4476 | D:4      | Noticed an ogre
  4517 | D:3      | Reached XP level 6. HP: 22/56 MP: 6/6
  5233 | D:5      | Entered Level 5 of the Dungeon
  5254 | D:5      | Found a glowing drain.
  5275 | Sewer    | Entered a sewer
  5707 | Sewer    | Reached XP level 7. HP: 57/62 MP: 7/7
  5993 | Sewer    | Reached skill level 6 in Fighting
  6329 | D:5      | Found a radiant altar of Vehumet.
  6329 | D:5      | Found an opulent altar of Gozag.
  6329 | D:5      | Found an ornate altar of the Wu Jian Council.
  6330 | D:5      | Found a glowing silver altar of Zin.
  6330 | D:5      | Found a deep blue altar of Sif Muna.
  6330 | D:5      | Found a stormy altar of Qazlal.
  6481 | D:5      | HP: 3/64 [gnoll/+0 halberd (12)]
  7050 | D:5      | Noticed Edmund
  7055 | D:5      | Killed Edmund
  7102 | D:5      | Found a hide-covered altar of Uskayaw.
  7103 | D:5      | Noticed a +0 dagger
  7103 | D:5      | Noticed a +0 dagger
  7107 | D:5      | Noticed a two-headed ogre
  7166 | D:5      | Killed a two-headed ogre
  7166 | D:5      | Reached skill level 8 in Fighting
  7166 | D:5      | Reached skill level 10 in Axes
  7166 | D:5      | Reached XP level 8. HP: 15/74 MP: 8/8
  8190 | D:6      | Reached skill level 1 in Armour
  8190 | D:6      | Reached XP level 9. HP: 81/82 MP: 9/9
  8351 | D:6      | Found a sparkling altar of Nemelex Xobeh.
  8420 | D:6      | Reached skill level 9 in Fighting
  8721 | D:7      | Found a basalt altar of Yredelemnul.
  8722 | D:7      | Became a worshipper of Beogh the Brigand
  8722 | D:7      | Reached * piety under Beogh
  8722 | D:7      | Reached ** piety under Beogh
  8817 | D:7      | Found a shimmering altar of Xom.
  8818 | D:7      | Found an ancient bone altar of Kikubaaqudgha.
  8819 | D:7      | Found a white marble altar of Elyvilon.
  8820 | D:7      | Found a sacrificial altar of Ru.
  8963 | D:7      | Reached skill level 10 in Fighting
  9010 | D:7      | Noticed Harold
  9284 | D:7      | Noticed Duvessa
  9290 | D:7      | Killed Duvessa
  9290 | D:7      | Reached skill level 5 in Armour
  9302 | D:7      | Killed Harold
  9302 | D:7      | Reached skill level 11 in Fighting
  9302 | D:7      | Reached XP level 10. HP: 62/95 MP: 10/10
  9318 | D:7      | Noticed Dowan
  9329 | D:7      | Killed Dowan
  9462 | D:7      | Found a transporter.
  9462 | D:7      | Noticed a kobold demonologist
  9479 | D:7      | Noticed a kobold demonologist
  9492 | D:7      | Found a transporter.
  9803 | D:7      | Noticed a soul eater
 10165 | D:8      | Found a staircase to the Lair.
 10220 | D:8      | Noticed Maurice
 10247 | D:8      | Killed Maurice
 10727 | D:8      | Reached *** piety under Beogh
 11020 | Lair:1   | Entered Level 1 of the Lair of Beasts
 11075 | Lair:1   | Noticed Gastronok
 11106 | Lair:1   | Killed Gastronok
 11106 | Lair:1   | Reached skill level 12 in Fighting
 11357 | Lair:1   | Noticed a spiny frog
 11374 | Lair:1   | Killed a spiny frog
 11374 | Lair:1   | Reached skill level 13 in Fighting
 11374 | Lair:1   | Reached XP level 11. HP: 99/107 MP: 11/11
 11585 | Lair:1   | Reached **** piety under Beogh
 12048 | Lair:2   | Noticed Urug
 12083 | Lair:1   | Killed Urug
 12083 | Lair:1   | Reached skill level 10 in Armour
 12586 | Lair:2   | Reached skill level 14 in Fighting
 13215 | Lair:2   | Noticed a catoblepas
 13577 | Lair:2   | Found a staircase to the Shoals.
 13608 | Lair:2   | Reached XP level 12. HP: 96/117 MP: 12/12
 14033 | Lair:2   | Killed a catoblepas
 15136 | Lair:4   | Found a hole to the Spider Nest.
 15767 | Lair:4   | Reached skill level 15 in Fighting
 15969 | Lair:4   | Found a shimmering altar of Xom.
 17146 | Lair:5   | Found a staircase to the Slime Pits.
 17290 | Lair:5   | Reached skill level 1 in Evocations
 17612 | Lair:6   | Entered Level 6 of the Lair of Beasts
 17612 | Lair:6   | Noticed a catoblepas
 17739 | Lair:6   | Killed a catoblepas
 17932 | Lair:6   | Reached XP level 13. HP: 125/127 MP: 14/14
 17943 | Lair:6   | Reached ***** piety under Beogh
 18368 | Lair:6   | Gained Bogrim as an ally
 18619 | Lair:6   | Reached skill level 16 in Fighting
 19255 | Lair:6   | Found a bloodstained altar of Trog.
 19534 | Lair:6   | Got a translucent turquoise ring
 19537 | Lair:6   | Identified the ring "Mofa" {*Contam EV+4 Str+3 Stlth+} (You
                  | found it on level 6 of the Lair of Beasts)
 19960 | Shoals:1 | Entered Level 1 of the Shoals
 20008 | Shoals:1 | Noticed Frances
 20013 | Shoals:1 | Noticed a merfolk impaler
 20026 | Shoals:1 | Killed Frances
 20039 | Shoals:1 | Killed a merfolk impaler
 20455 | Shoals:1 | Gained Marbork as an ally
 20998 | Shoals:1 | Reached XP level 14. HP: 130/138 MP: 17/17
 21001 | Shoals:1 | Reached skill level 1 in Shields
 21246 | Shoals:1 | Noticed a kraken
 21279 | Shoals:1 | Your ally Marbork died
 21281 | Shoals:1 | Your ally Bogrim died
 21284 | Shoals:1 | HP: 1/138 [tentacle[a kraken] (6)]
 21285 | Shoals:1 | Mangled by a tentacle

Skill      XL: |  1  2  3  4  5  6  7  8  9 10 11 12 13 14 |
---------------+-------------------------------------------+-----
Fighting       | 4 5 8 11 13 14 15 16 | 16.7
Axes           | 5 7 8 10 12 14 | 14.7
Throwing       | 1 3 4 |  4.8
Armour         | 1 6 9 11 12 13 | 13.9
Evocations     | 1 4 |  4.6
Shields        | 1 |  1.2
Slings         | |  0.3
Dodging        | |  2.5
Stealth        | |  1.6
Spellcasting   | |  0.4

Action                   |  1- 3 |  4- 6 |  7- 9 | 10-12 | 13-15 || total
-------------------------+-------+-------+-------+-------+-------++-------
Melee: Hand axe          |   146 |   277 |   326 |  1147 |   294 ||  2190
       Trident           |       |       |       |       |    36 ||    36
 Fire: Hunting sling     |       |    10 |       |     8 |       ||    18
Throw: Tomahawk          |    17 |    19 |    20 |     7 |     2 ||    65
       Stone             |     1 |    34 |       |       |       ||    35
Invok: Convert to Beogh  |       |       |     1 |       |       ||     1
Evoke: Wand              |       |       |     8 |    12 |     2 ||    22
       Lamp of fire      |       |       |       |     1 |       ||     1
       Box of beasts     |       |       |       |       |     2 ||     2
  Use: Scroll            |       |     6 |    14 |    11 |     6 ||    37
       Potion            |       |     1 |     2 |     6 |     2 ||    11
 Stab: Sleeping          |     7 |     1 |       |       |       ||     8
       Held in net/web   |       |       |       |     1 |       ||     1
       Distracted        |       |       |       |     2 |     4 ||     6
  Eat: Chunk             |     6 |    10 |     8 |    22 |    10 ||    56
       Ration            |       |       |     1 |     4 |       ||     5
Armor: Robe              |    26 |    34 |    12 |       |       ||    72
       Ring mail         |       |       |    67 |    36 |       ||   103
       Plate armour      |       |       |       |   542 |   183 ||   725
       Skin              |       |       |       |    24 |       ||    24
Dodge: Dodged            |    73 |   158 |   148 |   252 |    76 ||   707
Block: Other             |    34 |    67 |    65 |   138 |    41 ||   345
       Reflection        |     2 |       |       |     1 |     1 ||     4
       Large shield      |       |       |       |       |    75 ||    75
       Buckler           |       |       |       |       |    24 ||    24
